 Dungeon Crawl Stone Soup version 0.20-a0-517-g5f97612 (webtiles) character file.

6052 Ijustatesigmund the Thaumaturge (level 10, -1/49 HPs)
             Began as a Spriggan Wizard on Jan 24, 2017.
             Was a High Priest of Okawaru.
             Slain by an orc warrior
             ... wielding a +0 trident
              (17 damage)
             ... on level 9 of the Dungeon.
             The game lasted 01:04:30 (14746 turns).

Ijustatesigmund the Thaumaturge (Spriggan Wizard)  Turns: 14746, Time: 01:04:31

Health: -1/49      AC:  4    Str:  3    XL:     10   Next: 57%
Magic:  17/25      EV: 19    Int: 25    God:    Okawaru [*****.]
Gold:   127        SH:  0    Dex: 16    Spells: 22/30 levels left

rFire    + . .     SeeInvis +   u - +2 dagger (elec)
rCold    . . .     Gourm    .   a - +0 robe
rNeg     . . .     Faith    +   (shield restricted)
rPois    .         Spirit   .   b - +2 hat
rElec    .         Reflect  .   (no cloak)
rCorr    .         Harm     .   (gloves unavailable)
MR       +....                  (boots unavailable)
Stlth    +++.......             s - amulet of faith (curse)
Regen    0.2/turn               G - +3 ring of intelligence
                                v - ring of protection from fire

@: repel missiles, very quick
A: unfitting armour, see invisible, herbivore 3, speed 3, slow metabolism 2
a: Heroism, Finesse, Renounce Religion


You were on level 9 of the Dungeon.
You worshipped Okawaru.
Okawaru was extremely pleased with you.
You were hungry.

You visited 2 branches of the dungeon, and saw 10 of its levels.

You collected 462 gold pieces.
You spent 335 gold pieces at shops.

Inventory:

Hand Weapons
 u - a +2 dagger of electrocution (weapon)
 x - the +1 dagger "Gerhehy" {pierce, rElec}
   (You bought it in a shop on level 7 of the Dungeon)

   It inflicts extra damage upon your enemies.
   It insulates you from electricity.
 y - a +2 short sword of venom
 z - a +1 short sword of freezing
 N - a +0 blowgun
Missiles
 j - 2 needles of frenzy
 k - 45 poisoned needles
Armour
 a - a +0 robe (worn)
 b - a +2 hat (worn)
 e - the +9 pearl dragon scales of Dithmenos's Approval {rElec rC+ rN+ Dex-2}
   (You found it on level 7 of the Dungeon)

   It affects your dexterity (-2).
   It protects you from cold.
   It insulates you from electricity.
   It protects you from negative energy.
Jewellery
 f - an uncursed ring of stealth
 m - a +6 ring of strength
 o - an uncursed ring of fire
 s - a cursed amulet of faith (around neck)
 t - an uncursed ring of poison resistance
 v - a ring of protection from fire (left hand)
 G - a +3 ring of intelligence (right hand)
Wands
 B - a wand of polymorph (14/24)
 C - a wand of random effects (21/48)
 E - a wand of iceblast (4/15)
Scrolls
 p - 2 scrolls of enchant armour
 w - 2 scrolls of remove curse
 F - a scroll of blinking
Potions
 g - a potion of agility
 h - a potion of brilliance
 i - 2 potions of resistance
 l - 2 potions of mutation
 n - a potion of curing
 r - 3 potions of lignification
 A - a potion of cancellation
 H - a potion of cure mutation {unknown}
 K - a potion of flight {unknown}
 L - a potion of magic {unknown}
Books
 c - a book of Minor Magic

   Spells                             Type                      Level
   a - Magic Dart                     Conjuration                  1
   b - Blink                          Translocation                2
   c - Call Imp                       Summoning                    2
   d - Repel Missiles                 Charms/Air                   2
   e - Slow                           Hexes                        2
   f - Conjure Flame                  Conjuration/Fire             3
   g - Mephitic Cloud                 Conjuration/Poison/Air       3
 D - a book of Geomancy

   Spells                             Type                      Level
   a - Sandblast                      Earth                        1
   b - Passwall                       Transmutation/Earth          2
   c - Stone Arrow                    Conjuration/Earth            3
   d - Petrify                        Transmutation/Earth          4
   e - Lee's Rapid Deconstruction     Earth                        5
 J - a book of Flames

   Spells                             Type                      Level
   a - Flame Tongue                   Conjuration/Fire             1
   b - Throw Flame                    Conjuration/Fire             2
   c - Conjure Flame                  Conjuration/Fire             3
   d - Inner Flame                    Hexes/Fire                   3
   e - Sticky Flame                   Conjuration/Fire             4
   f - Fireball                       Conjuration/Fire             5
Miscellaneous
 I - a crystal ball of energy
Comestibles
 d - 10 bread rations
 q - 4 royal jellies


   Skills:
 - Level 3.1 Fighting
 - Level 5.3 Short Blades
 - Level 6.0 Throwing
 + Level 3.5 Dodging
 + Level 4.0 Stealth
 - Level 10.8 Spellcasting
 - Level 1.2 Conjurations
   Level 0.7 Summonings
 - Level 2.2 Translocations
 - Level 4.3 Air Magic
 - Level 3.6 Poison Magic
 + Level 7.3 Invocations


You had 22 spell levels left.
You knew the following spells:

 Your Spells              Type           Power        Failure   Level  Hunger
a - Magic Dart            Conj           ###.         3%          1    None
b - Blink                 Tloc           N/A          3%          2    None
c - Repel Missiles        Chrm/Air       ###...       3%          2    None
d - Mephitic Cloud        Conj/Pois/Air  ####....     4%          3    None


Dungeon Overview and Level Annotations

Branches:
Dungeon (9/15)             Temple (1/1) D:4
   Lair: D:8-11         Orc: D:9-12

Altars:
Ashenzari
Cheibriados
Dithmenos
Elyvilon
Fedhas
Gozag
Hepliaklqana
Kikubaaqudgha
Makhleb
Nemelex Xobeh
Okawaru
Qazlal
Ru
Sif Muna
Trog
Uskayaw
Vehumet
Xom
Yredelemnul
Zin
The Shining One

Shops:
D:7 *


Innate Abilities, Weirdness & Mutations

You are very small and have problems with some larger weapons.
You are too small for most types of armour.
You have supernaturally acute eyesight. (SInv)
You are a herbivore.
You cover ground extremely quickly.
You need consume almost no food.


Message History

The orc warrior hits you from afar with a trident!
The orc priest barely misses you.
Casting: Magic Dart
Confirm with . or Enter, or press ? or * to list all spells.
Aiming: Magic Dart
Press: ? - help, Shift-Dir - straight line, f/p - orc warrior
Aim: an orc warrior, wielding a trident and wearing a plate armour The magic dart hits the orc priest.
The orc priest is lightly wounded.
The orc warrior hits you from afar with a trident!
The orc priest hits you with a dagger.
Casting: Magic Dart
Confirm with . or Enter, or press ? or * to list all spells.
Aiming: Magic Dart
Press: ? - help, Shift-Dir - straight line, f/p - orc warrior
Aim: an orc warrior, wielding a trident and wearing a plate armour The magic dart hits the orc priest.
The orc priest is moderately wounded.
The orc warrior hits you from afar with a trident!
You die...

#. ### #. ..# # #. #..
.#### . # #.. ..... .#.
##.#.... #.##.# ..#..#
#.##.# #%oo.# #<##.#
###@#.###.. #.##.#
#.......... #.##.##
#.#.#.###.. #.##.#...#
#.#.#.#
#......#.####.#.#.####
####.................?.
############.#.####.
###.# #


You could see an orc warrior and an orc priest.

Vanquished Creatures
  A two-headed ogre (D:7)
  Pikel (Temple)
  A queen bee (D:8)
  Prince Ribbit (D:7)
  A hippogriff (D:7)
  A spriggan (D:7)
  A shadow (D:7)
  6 yaks (D:7)
  Grum (D:8)
  3 orc warriors
  3 phantoms
  A slave (Temple)
  A sky beast (D:8)
  7 ogres
  4 wolves (D:8)
  A centaur (D:5)
  A bullfrog (D:7)
  A wyvern skeleton (D:7)
  10 killer bees
  3 howler monkeys
  A bullfrog zombie (D:7)
  3 crimson imps
  4 orc priests
  2 hounds (D:4)
  2 jellies (D:8)
  8 orc wizards
  6 worker ants
  A hound skeleton (D:7)
  A howler monkey zombie (D:7)
  A worker ant zombie (D:7)
  3 gnolls
  6 adders
  An adder skeleton (D:6)
  2 worms
  4 dart slugs
  10 leopard geckos
  38 orcs
  5 giant cockroaches
  11 goblins
  10 hobgoblins
  8 jackals
  4 quokkas
  2 ball pythons (D:1)
  12 bats
  2 frilled lizards
  7 kobolds
  A leopard gecko zombie (D:5)
  A quokka skeleton (D:7)
  9 rats
  3 fungi (D:1)
217 creatures vanquished.

Vanquished Creatures (others)
  An orc (D:4)
  11 plants (D:8)
12 creatures vanquished.

Grand Total: 229 creatures vanquished

Notes
Turn   | Place    | Note
-------+----------+-------------------------------------------
     0 | D:1      | Ijustatesigmund the Spriggan Wizard began the quest for the Orb.
     0 | D:1      | Reached XP level 1. HP: 9/9 MP: 6/6
   164 | D:1      | Reached XP level 2. HP: 13/13 MP: 2/8
   254 | D:1      | Learned a level 2 spell: Blink
   257 | D:1      | Learned a level 2 spell: Repel Missiles
   473 | D:1      | Reached skill level 5 in Spellcasting
   910 | D:1      | Reached XP level 3. HP: 16/16 MP: 6/10
  1360 | D:2      | Reached skill level 1 in Conjurations
  1546 | D:2      | Reached XP level 4. HP: 18/21 MP: 3/12
  2334 | D:2      | Learned a level 3 spell: Mephitic Cloud
  2682 | D:3      | Found a stormy altar of Qazlal.
  2726 | D:3      | Reached skill level 6 in Spellcasting
  3183 | D:3      | Reached XP level 5. HP: 22/24 MP: 8/14
  3553 | D:4      | Noticed an ogre
  3615 | D:4      | Reached skill level 1 in Fighting
  3728 | D:4      | Killed an ogre
  3871 | D:4      | Noticed an ogre
  3903 | D:4      | Killed an ogre
  3903 | D:4      | Reached XP level 6. HP: 32/32 MP: 5/16
  3995 | D:4      | Found a staircase to the Ecumenical Temple.
  4023 | Temple   | Entered the Ecumenical Temple
  4187 | Temple   | Became a worshipper of Warmaster Okawaru
  4219 | D:4      | Noticed a slave
  4219 | D:4      | Reached skill level 1 in Poison Magic
  4223 | D:4      | Noticed a slave
  4364 | Temple   | Reached skill level 1 in Air Magic
  4452 | Temple   | Killed a slave
  4783 | D:4      | Noticed Pikel
  4788 | D:4      | Noticed a slave
  4840 | Temple   | Killed Pikel
  4840 | Temple   | Reached skill level 7 in Spellcasting
  4840 | Temple   | Reached XP level 7. HP: 35/35 MP: 3/19
  5242 | D:4      | Found a stormy altar of Qazlal.
  5298 | D:4      | Reached * piety under Okawaru
  5298 | D:4      | Reached XP level 8. HP: 39/39 MP: 9/20
  5945 | D:4      | You fall through a shaft for 3 floors!
  5945 | D:7      | Found Ovuzuivy's Assorted Antiques.
  6010 | D:7      | Bought a smoking dagger for 154 gold pieces
  6010 | D:7      | Identified the cursed +1 dagger "Gerhehy" {pierce, rElec} (You bought it in a shop on level 7 of the Dungeon)
  6018 | D:7      | Noticed Prince Ribbit
  6055 | D:7      | Reached skill level 8 in Spellcasting
  6101 | D:7      | Found a sand-covered staircase.
  6292 | D:7      | Reached skill level 1 in Short Blades
  6738 | D:6      | Found a glowing silver altar of Zin.
  7038 | D:5      | Entered Level 5 of the Dungeon
  8095 | D:5      | Found a bloodstained altar of Trog.
  8098 | D:5      | Found a shimmering altar of Xom.
  8101 | D:5      | Found an opulent altar of Gozag.
  8130 | D:5      | Reached skill level 1 in Invocations
  9954 | D:7      | Killed Prince Ribbit
 10088 | D:7      | Bought a scroll of remove curse for 66 gold pieces
 10088 | D:7      | Bought a cyan potion for 19 gold pieces
 10088 | D:7      | Bought a golden potion for 19 gold pieces
 10088 | D:7      | Bought a scroll labeled LIENLE FUIH for 22 gold pieces
 10088 | D:7      | Bought a blowgun for 55 gold pieces
 10131 | D:7      | Reached skill level 1 in Throwing
 10132 | D:7      | Reached XP level 9. HP: 27/43 MP: 5/22
 10408 | D:7      | Reached ** piety under Okawaru
 10461 | D:7      | Reached skill level 5 in Throwing
 10677 | D:7      | Reached skill level 5 in Short Blades
 11401 | D:7      | Got ruby-encrusted pearl dragon scales
 11412 | D:7      | Identified the +9 pearl dragon scales of Dithmenos's Approval {rElec rC+ rN+ Dex-2} (You found it on level 7 of the Dungeon)
 11424 | D:7      | Reached *** piety under Okawaru
 12083 | D:7      | Noticed a two-headed ogre
 12094 | D:7      | Killed a two-headed ogre
 12094 | D:7      | Reached **** piety under Okawaru
 12094 | D:7      | Reached skill level 9 in Spellcasting
 12094 | D:7      | Reached skill level 5 in Invocations
 12094 | D:7      | Reached XP level 10. HP: 49/49 MP: 9/24
 12965 | D:8      | Noticed Grum
 13037 | D:8      | Killed Grum
 13053 | D:8      | Reached skill level 10 in Spellcasting
 14273 | D:8      | Reached ***** piety under Okawaru
 14746 | D:9      | Slain by an orc warrior

Vault maps used:
D:1:      grunt_arrival_crossed_arrows, serial_forest,
          infiniplex_forest_zigzag_1, infiniplex_forest_corner_1,
          infiniplex_forest_clump_diagonal, infiniplex_forest_straight_1,
          infiniplex_forest_split, infiniplex_forest_straight_4,
          minmay_shallow_snake_nest
D:2:      kennysheep_generic_room_4
D:3:      old_standard_altar, first_bread
D:4:      minmay_temple_entry_glass, grunt_qazlal_clouds, uniq_pikel
D:5:      grunt_temple_overflow_diamond, hangedman_decor_diamond_cutter
D:6:      nicolae_overflow_hidden_temple, minivault_5
D:7:      minmay_opposing_rooms, serial_shops, shop, enter_ossuary_5,
          the_bakery, uniq_prince_ribbit1
D:8:      nicolae_looking_at_the_future, uniq_grum
D:9:      david_lair_shrubbed, basic_altar, serial_bayou_ford_a,
          eino_tiny_chamber, kennysheep_small_square
Temple:   eino_temple_rhombus

Skill      XL: |  1  2  3  4  5  6  7  8  9 10 |
---------------+-------------------------------+-----
Spellcasting   | 5 6 7 8 9 10 | 10.8
Conjurations   | 1 |  1.2
Stealth        | 4 |  4.0
Translocations | 2 |  2.2
Fighting       | 2 3 |  3.1
Poison Magic   | 2 3 |  3.6
Air Magic      | 3 4 |  4.3
Short Blades   | 4 5 |  5.3
Invocations    | 3 5 7 |  7.3
Throwing       | 1 6 |  6.0
Dodging        | |  3.5
Summonings     | |  0.7

Action                   |  1- 3 |  4- 6 |  7- 9 | 10-12 || total
-------------------------+-------+-------+-------+-------++-------
Melee: Hand axe          |    31 |    13 |     5 |       ||    49
       Dagger            |       |       |   240 |    97 ||   337
 Fire: Blowgun           |       |       |    57 |     5 ||    62
 Cast: Magic Dart        |   103 |   188 |   347 |   234 ||   872
       Repel Missiles    |     1 |       |     1 |     2 ||     4
       Blink             |       |     2 |    19 |     4 ||    25
       Mephitic Cloud    |       |       |    38 |    13 ||    51
Invok: Heroism           |       |       |     3 |     1 ||     4
Evoke: Wand              |       |       |     1 |       ||     1
  Use: Scroll            |     2 |     8 |     5 |     3 ||    18
       Potion            |       |     1 |     1 |     4 ||     6
 Stab: Sleeping          |     2 |     2 |     6 |       ||    10
       Confused          |       |       |    13 |     9 ||    22
  Eat: Royal jelly       |       |     1 |     3 |     1 ||     5
       Fruit             |       |       |     1 |       ||     1
Armor: Robe              |     1 |     4 |    35 |    16 ||    56
Dodge: Dodged            |    28 |    50 |   322 |   170 ||   570
       Deflected         |       |       |     6 |     4 ||    10
